 Dungeon Crawl Stone Soup version 0.27-a0-1278-g6cbc8dfb29 (webtiles) character file.

Game seed: 5834696212351534822

521 deletemesenpai the Chopper (level 7, -12/60 HPs)
             Began as a Hill Orc Fighter on June 12, 2021.
             Mangled by an ogre (24 damage)
             ... on level 4 of the Dungeon.
             The game lasted 00:13:05 (4121 turns).

deletemesenpai the Chopper (Hill Orc Fighter)       Turns: 4121, Time: 00:13:06

Health: -12/60     AC:  9    Str: 20    XL:     7   Next: 21%
Magic:  7/7        EV:  7    Int:  8    God:
Gold:   259        SH: 15    Dex: 11    Spells: 6/6 levels left

rFire    . . .     SeeInvis .   a - +0 war axe
rCold    . . .     Faith    .   c - +0 kite shield
rNeg     . . .     Spirit   .   b - +0 scale mail
rPois    .         Reflect  +   (no helmet)
rElec    .         Harm     .   (no cloak)
rCorr    .         Rampage  .   g - +0 pair of gloves
Will     .....                  n - +0 pair of boots
Stlth    ..........             r - amulet of reflection
HPRegen  0.20/turn              (no ring)
MPRegen  0.10/turn              (no ring)

@: no status effects
A: no striking features
a: no special abilities


You were on level 4 of the Dungeon.
You visited 1 branch of the dungeon, and saw 5 of its levels.

You collected 259 gold pieces.

Inventory:

Hand Weapons
 a - a +0 war axe (weapon)
Missiles
 h - 31 poisoned darts
 i - 7 atropa-tipped darts (quivered)
Armour
 b - a +0 scale mail (worn)
 c - a +0 kite shield (worn)
 g - a +0 pair of gloves (worn)
 n - a +0 pair of boots (worn)
Jewellery
 r - an amulet of reflection (around neck)
 v - a +4 ring of slaying
Wands
 l - a wand of flame (1)
Scrolls
 e - 5 scrolls of identify
 j - 3 scrolls of vulnerability {unknown}
 k - a scroll of fear {unknown}
 m - 4 scrolls of teleportation {unknown}
 s - a scroll of enchant weapon {unknown}
 u - a scroll of magic mapping {unknown}
Potions
 d - a potion of might
 f - 2 potions of curing
 o - a potion of berserk rage {unknown}
 p - a potion of flight {unknown}
 q - a potion of resistance {unknown}
 t - a potion of ambrosia {unknown}


   Skills:
 + Level 4.6 Fighting
 + Level 5.7 Axes
 - Level 2.0 Throwing
 + Level 4.6 Armour
 + Level 5.2 Shields
 * Level 1.7 Evocations


You had 6 spell levels left.
You didn't know any spells.
Your spell library contained the following spells:

 Spells                   Type           Power      Damage    Failure   Level
 Animate Skeleton         Necr           0%         N/A       99%         1
 Apportation              Tloc           0%         N/A       99%         1
 Corona                   Hex            0%         N/A       99%         1
 Summon Small Mammal      Summ           0%         N/A       99%         1
 Lesser Beckoning         Tloc           0%         N/A       100%        3
 Tukima's Dance           Hex            0%         N/A       100%        3
 Alistair's Intoxication  Tmut/Pois      0%         N/A       100%        5
 Invisibility             Hex            0%         N/A       100%        6


Dungeon Overview and Level Annotations

Branches:
Dungeon (5/15)
 Temple: D:4-7

Altars:
Yredelemnul


Message History

The ogre is lightly wounded.
The ogre seems less confused.
The ogre hits you with a +0 giant club!!
There is a stone staircase leading up here.
You slash the ogre!
The ogre is heavily wounded.
The ogre hits you with a +0 giant club!
The ogre is no longer blind.
You block the ogre's attack.
You climb upwards.
There is a stone staircase leading down here.
Throw: 10 darts (atropa)
Press: ? - help, Q - select action, (/) - cycle Shift-Dir - straight line, f - ogre
Aim: an ogre, wielding a +0 giant club (heavily wounded, 74% to hit, chance to blind on hit: 41%)
You throw an atropa-tipped dart. The atropa-tipped dart hits the ogre.
The ogre resists.
The ogre is heavily wounded.
The ogre barely misses you.
The ogre hits you with a +0 giant club!!
* * * LOW HITPOINT WARNING * * *
You feel better. You block the ogre's attack. The ogre barely misses you.
Throw: 9 darts (atropa)
Press: ? - help, Q - select action, (/) - cycle Shift-Dir - straight line, f/p - ogre
Aim: an ogre, wielding a +0 giant club (heavily wounded, 74% to hit, chance to blind on hit: 41%)
You throw an atropa-tipped dart.
The atropa-tipped dart closely misses the ogre.
Throw: 8 darts (atropa)
Press: ? - help, Q - select action, (/) - cycle Shift-Dir - straight line, f/p - ogre
Aim: an ogre, wielding a +0 giant club (heavily wounded, 74% to hit, chance to blind on hit: 41%)
You throw an atropa-tipped dart. The atropa-tipped dart hits the ogre.
The ogre resists.
The ogre is heavily wounded.
The ogre hits you with a +0 giant club.
* * * LOW HITPOINT WARNING * * *
You feel better. The ogre hits you with a +0 giant club!
* * * LOW HITPOINT WARNING * * *
You block the ogre's attack.
You feel better.
The ogre hits you with a +0 giant club!!
You die...

.....................#..........(
#...##..####...##..###..###..###.
######..####...##..########..###.
#.....#......................
#...[.'......................
#.....#...........(.......(..
######....#........#######.####..
.....#....##....O..##...#########
.....#....##....@..........#.....
.....#....##.......##....>.#.....
.....#....##.......##......#.....
.....#.....#.......####+##.##.##.
###'##.....#.......##...##.##.###
#...'......#........#..........#.
#...#......#........#..........#.
#...#......#........#..........#.
#...##....##.......##...####'####


You could see an ogre.

Vanquished Creatures
  An ogre (D:5)
  4 scorpions
  A hound (D:5)
  A centaur skeleton (D:4)
  A hound zombie (D:5)
  4 adders
  3 gnolls (D:5)
  A white imp (D:5)
  An adder skeleton (D:4)
  3 dart slugs
  An orc (D:3)
  5 ball pythons
  3 bats
  2 endoplasms
  A giant cockroach (D:1)
  A goblin (D:1)
  3 hobgoblins
  12 jackals
  A quokka (D:1)
  3 frilled lizards
  2 kobolds
  A rat (D:1)
55 creatures vanquished.

Notes
Turn   | Place    | Note
-------+----------+-------------------------------------------
     0 | D:1      | deletemesenpai the Hill Orc Fighter began the quest for the
                  | Orb.
     0 | D:1      | Reached XP level 1. HP: 19/19 MP: 1/1
    21 | D:1      | Reached XP level 2. HP: 23/27 MP: 2/2
  1033 | D:2      | Found a faded altar of an unknown god.
  1145 | D:2      | Found a basalt altar of Yredelemnul.
  1575 | D:3      | Reached XP level 3. HP: 33/33 MP: 3/3
  2501 | D:4      | Noticed a scorpion
  2508 | D:4      | Killed a scorpion
  2509 | D:4      | Reached skill level 1 in Throwing
  2509 | D:4      | Reached XP level 4. HP: 40/40 MP: 4/4
  2709 | D:4      | Reached XP level 5. HP: 46/46 MP: 5/5
  3054 | D:4      | Reached XP level 6. HP: 53/53 MP: 6/6
  3276 | D:5      | Entered Level 5 of the Dungeon
  3364 | D:5      | Reached skill level 5 in Axes
  3366 | D:5      | Reached skill level 5 in Shields
  3366 | D:5      | Reached skill level 1 in Evocations
  3818 | D:5      | Reached XP level 7. HP: 18/60 MP: 7/7
  4096 | D:4      | HP: 2/60 [ogre (27)]
  4117 | D:4      | HP: 2/60 [ogre (17)]
  4121 | D:4      | Mangled by an ogre

Illustrated notes

Levels and vault maps discovered:
D:1:      lemuel_arrival_behind_the_door_large, layout_loops_ring
D:2:      layout_loops_ring, hellmonk_ecumenical_altar_arch_garden, basic_altar
D:3:      layout_basic
D:4:      layout_gridville, hangedman_abyss_or_decor_stabs
D:5:      layout_cave_pools, serial_shops, shop

Skill      XL: |  1  2  3  4  5  6 |
---------------+-------------------+-----
Fighting       | 4 |  4.6
Axes           | 3 4 5 |  5.7
Shields        | 4 5 |  5.2
Throwing       | 1 2 |  2.0
Armour         | 4 |  4.6
Evocations     | 1 |  1.7

Action                   |  1- 3 |  4- 6 |  7- 9 || total
-------------------------+-------+-------+-------++-------
Melee: War axe           |   102 |    70 |     7 ||   179
Throw: Dart              |     5 |       |     4 ||     9
Evoke: Wand              |       |     9 |       ||     9
  Use: Potion            |       |     1 |     3 ||     4
       Scroll            |       |     1 |       ||     1
Armor: Scale mail        |    58 |    48 |     3 ||   109
Dodge: Dodged            |    29 |    22 |     2 ||    53
Block: Kite shield       |    72 |    86 |    11 ||   169
       Reflection        |       |     1 |     1 ||     2

Table legend: (Time is in decaauts)
 A = Elapsed time spent in this place.
 B = Non-inter-level travel time spent in this place.
 C = Inter-level travel time spent in this place.
 D = Time resting spent in this place.
 E = Time spent auto-exploring this place.
 F = Levels seen in this place.
 G = Mean time per level.
                   A        B        C        D        E       F      G
               +--------+--------+--------+--------+--------+-----+--------+
         Total |   4217 |   4170 |     47 |    872 |   2394 |   5 |  843.4 |
       Dungeon |   4217 |   4170 |     47 |    872 |   2394 |   5 |  843.4 |
               +--------+--------+--------+--------+--------+-----+--------+

Top non-repeatable levels by time:
     D:4: 1066 daAuts
     D:5: 836 daAuts
     D:1: 795 daAuts
     D:3: 786 daAuts
     D:2: 733 daAuts
